 Dungeon Crawl Stone Soup version 0.30.0-13-g156ef70053 (webtiles) character file.

Game seed: 4798651985266865224

48349 AlmostDecent the Carver (level 14, -1/88 HPs)
             Began as a Gargoyle Hunter on May 17, 2023.
             Was an Initiate of Gozag.
             Slain by a pharaoh ant (15 damage)
             ... on level 3 of the Lair of Beasts.
             The game lasted 01:08:09 (15890 turns).

AlmostDecent the Carver (Gargoyle Hunter)          Turns: 15890, Time: 01:08:09

Health: -1/88      AC: 39    Str: 14    XL:     14   Next: 46%
Magic:  23/23      EV:  7    Int: 12    God:    Gozag
Gold:   814        SH:  0    Dex: 23    Spells: 13/13 levels left

rFire   . . .        w - +7 scimitar (venom)
rCold   . . .        (no shield)
rNeg    + . .        A - +9 plate armour of Good Intentions {Regen+ MP+9 Dex+3}
rPois   ∞            o - +2 helmet of Infinity {rElec rCorr Dex+3}
rElec   +            (no cloak)
rCorr   +            (no gloves)
SInv    +            g - +0 pair of boots
Will    +....        s - amulet of Vitality {RegenMP++ Regen++} Stlth
                     K - ring of see invisible
HPRegen 2.74/turn    t - ring of resist corrosion
MPRegen 0.98/turn

%: no passive effects
@: gold aura, flying
A: sickness immunity, AC +10, big wings, negative energy resistance 1,
electricity resistance, torment resistance 1, petrification resistance, mutation
resistance 1
a: Renounce Religion, Potion Petition, Call Merchant, Bribe Branch


You were on level 3 of the Lair of Beasts.
You worshipped Gozag.
Gozag was pleased with you.
You visited 2 branches of the dungeon, and saw 15 of its levels.
You also visited: Bailey.

You collected 7079 gold pieces.
You spent 3244 gold pieces at shops.
You paid 3021 gold pieces to Gozag.

Inventory:

Hand Weapons
 l - a +0 longbow
 w - a +7 scimitar of venom (weapon)
 L - the +2 falchion of Exquisite Torment {flame, rF+ Stlth+}
   (You bought it in a shop on level 11 of the Dungeon)

   rF:        It protects you from fire.
   Stlth:     It makes you more stealthy.
Missiles
 I - a throwing net
Armour
 g - a +0 pair of boots (worn)
 o - the +2 helmet of Infinity (worn) {rElec rCorr Dex+3}
   (You found it on level 12 of the Dungeon)

   Dex:       It affects your dexterity (+3).
   rElec:     It insulates you from electricity.
   rCorr:     It protects you from acid and corrosion.
 A - the +9 plate armour of Good Intentions (worn) {Regen+ MP+9 Dex+3}
   (You bought it in a shop on level 6 of the Dungeon)

   Dex:       It affects your dexterity (+3).
   MP:        It affects your magic capacity (+9).
   Regen:     It increases your rate of health regeneration.
Jewellery
 f - an amulet of reflection
 j - a ring of ice
 s - the amulet of Vitality (around neck) {RegenMP++ Regen++}
   (You bought it in a shop on level 1 of the Lair of Beasts)

   [amulet of magic regeneration]

   It increases your rate of magic regeneration.
   Regen:     It increases your rate of health regeneration.
 t - a ring of resist corrosion (right hand)
 C - a ring of fire
 E - a ring of wizardry
 J - a ring of fire
 K - a ring of see invisible (left hand)
Wands
 c - a wand of mindburst (16)
 h - a wand of charming (5)
 p - a wand of digging (6)
 r - a wand of light (10)
 u - a wand of flame (12)
 B - a wand of iceblast (9)
Scrolls
 b - 3 scrolls of immolation
 d - 3 scrolls of poison
 e - 2 scrolls of enchant weapon
 i - 3 scrolls of fog
 m - 4 scrolls of teleportation
 v - a scroll of torment
 y - a scroll of fear
 z - 2 scrolls of silence
 F - a scroll of enchant armour
 O - 3 scrolls of identify
 P - a scroll of magic mapping
Potions
 k - 3 potions of flight
 n - 2 potions of brilliance
 q - a potion of cancellation
 G - 2 potions of resistance
 H - a potion of magic
 Q - 2 potions of invisibility
Miscellaneous
 x - a lightning rod (4/4)
 M - a phantom mirror
 N - a box of beasts


   Skills:
 + Level 10.4 Fighting
 + Level 2.7(9.5) Short Blades
 * Level 14.0(14.1) Long Blades
 + Level 13.1 Ranged Weapons
 * Level 11.6 Armour
 + Level 3.6 Dodging
 + Level 3.4 Stealth
 - Level 3.0 Shields


You had 13 spell levels left.
You didn't know any spells.
Your spell library contained the following spells:

 Spells                   Type           Power      Damage    Failure   Level
 Necrotise                Necr           0%         1d4       100%        1
 Poisonous Vapours        Pois/Air       0%         N/A       100%        2
 Inner Flame              Hex/Fire       0%         N/A       100%        3
 Mephitic Cloud           Conj/Pois/Air  0%         N/A       100%        3
 Vampiric Draining        Necr           0%         2d6       100%        3
 Vhi's Electric Charge    Tloc/Air       0%         N/A       100%        3
 Agony                    Necr           0%         N/A       100%        5
 Arcjolt                  Conj/Air       0%         1d10      100%        5
 Freezing Cloud           Conj/Ice/Air   0%         6-21      100%        5
 Yara's Violent Unravell  Hex/Tmut       0%         3d3       100%        5
 Enfeeble                 Hex            0%         N/A       100%        7
 Maxwell's Capacitive Co  Air            0%         ∞         100%        8


Dungeon Overview and Level Annotations

Branches:
Dungeon (12/15)            Temple (0/1) D:7            Lair (3/5) D:10
 Spider (0/4) Lair:3          Orc (0/2) D:9          Bailey (visited)
  Swamp: Lair:2-3    Shoals: Lair:2-3

Altars:
Dithmenos
Gozag
Ru
Xom
Zin

Shops:
D:2 *   D:6 [   D:9 ?   D:11 (   Lair:1 =

Annotations:
D:2 1 runed translucent door, Crazy Yiuf
D:4 Natasha


Innate Abilities, Weirdness & Mutations

You are immune to sickness and miasma.
Your stone body is resilient. (AC +10)
You are immune to poison.
Your large and strong wings let you fly.
You resist negative energy. (rN+)
You are resistant to electric shocks. (rElec)
You are resistant to unholy torment.
You are immune to petrification.
You are somewhat resistant to further mutation.


Message History

You are too injured to fight recklessly!
You are too injured to fight recklessly!
You are too injured to fight recklessly!
You are too injured to fight recklessly!
You are too injured to fight recklessly!
You are too injured to fight recklessly!
You are too injured to fight recklessly!
You are too injured to fight recklessly!
You are too injured to fight recklessly!
You are too injured to fight recklessly!
You are too injured to fight recklessly!
You are too injured to fight recklessly!
You are too injured to fight recklessly!
You barely miss the redback.
The redback bites you but does no damage.
The pharaoh ant bites you but does no damage.
You slash the redback!
The redback is moderately wounded.
The redback bites you but does no damage.
You slash the redback!
The redback looks as sick as possible!
The redback is almost dead.
You kill the redback!
The pharaoh ant bites you!!
* * * LOW HITPOINT WARNING * * *
You feel much better. The pharaoh ant bites you!!
* * * LOW HITPOINT WARNING * * *
The tarantella barely misses you.
The pharaoh ant bites you but does no damage.
The tarantella touches you but does no damage.
You feel better. The pharaoh ant bites you!
* * * LOW HITPOINT WARNING * * *
The tarantella barely misses you.
A jumping spider comes into view.
As you read the scroll of fear, it crumbles to dust.
You assume a fearsome visage.
The pharaoh ant is unaffected.
The tarantella looks frightened!
The jumping spider looks frightened!
The jumping spider's many legs skitter faintly.
The pharaoh ant bites you!
You die...
Your body crumbles into a pile of gold.

#.....###..
...#.... ..
#.....#...
.#....#...
##.P.# .# #.!..
...# ###$.# .
#..@###..>.
#..Bs..?.s. ..
##.#....... #.#
#..#.......
##.#
##.##.......
..#
##........... #
..#
###......###..#
####.#
#......### .#.
....#
###..##### .


You could see a pharaoh ant, a jumping spider (fleeing) and a tarantella
(fleeing).

Vanquished Creatures
  2 ettins (D:12)
  A yaktaur captain (D:12)
  A hydra (Lair:3)
  2 centaur warriors
  4 boulder beetles
  6 two-headed ogres
  A deep troll earth mage (D:12)
  5 skeletal warriors (D:11)
  Amaemon (D:8)
  A deep troll (shapeshifter) (D:12)
  Pikel (D:8)
  An ugly thing (D:12)
  A wolf spider (D:10)
  2 deep elf pyromancers
  6 cyclopes (D:12)
  4 manticores (D:12)
  A black mamba (Lair:3)
  An orange demon (D:8)
  4 gargoyles
  6 cane toads
  An efreet (D:10)
  4 kobold demonologists
  2 komodo dragons (Lair:1)
  A rime drake (Lair:2)
  A freezing wraith (D:10)
  A tengu conjurer (D:10)
  6 polar bears
  A tarantella (Lair:3)
  5 trolls
  Grinder (D:3)
  A hornet (D:7)
  12 blink frogs
  Sigmund (D:3)
  3 slime creatures
  2 shadows
  5 wraiths (D:12)
  9 wyverns
  30 yaks
  3 basilisks
  A steam dragon (D:9)
  A redback (shapeshifter) (D:10)
  11 vampire mosquitoes
  A redback (Lair:3)
  2 acid dragons
  3 water moccasins (Lair:1)
  Duvessa (D:6)
  6 orc warriors
  2 black bears
  6 centaurs
  A wolf (D:10)
  2 phantoms (D:9)
  Blork the orc (D:6)
  11 kobold brigands
  11 bullfrogs
  5 gnoll sergeants
  A scorpion (D:4)
  4 wights (D:4)
  Dowan (D:6)
  27 killer bees
  3 troll zombies (D:9)
  5 howler monkeys
  4 electric eels
  14 hounds
  5 orc priests
  A sleepcap (D:4)
  A gnoll bouda (D:7)
  Ijyb (D:3)
  3 iguanas
  Natasha (twice) (D:4)
  13 orc wizards
  Terence (D:2)
  3 ogre zombies (D:9)
  Robin (D:3)
  16 adders
  12 gnolls
  A shadow imp (D:7)
  3 white imps
  An ufetubus (D:4)
  A worm (D:4)
  A dart slug (D:4)
  31 orcs
  4 endoplasms
  3 giant cockroaches
  18 goblins
  14 hobgoblins
  3 jackals (D:2)
  7 quokkas
  7 ball pythons
  5 bats
  3 frilled lizards
  A goblin skeleton (D:9)
  2 goblin zombies (D:9)
  4 hobgoblin skeletons (D:9)
  3 hobgoblin zombies (D:9)
  23 kobolds
  2 orc skeletons (D:9)
  7 orc zombies (D:9)
  6 rats
473 creatures vanquished.

Vanquished Creatures (others)
  The ghost of Firil the Destroyer, a journeyman OpFE of Vehumet (Lair:1)
  A boulder beetle (D:11)
  A two-headed ogre (D:11)
  An ugly thing (D:11)
  3 trolls (D:11)
7 creatures vanquished.

Grand Total: 480 creatures vanquished

Notes
Turn   | Place    | Note
-------+----------+-------------------------------------------
     0 | D:1      | AlmostDecent the Gargoyle Hunter began the quest for the
                  | Orb.
     0 | D:1      | Reached XP level 1. HP: 12/12 MP: 1/1
   290 | D:1      | Reached XP level 2. HP: 17/17 MP: 2/2
   496 | D:1      | Reached XP level 3. HP: 21/21 MP: 3/3
   674 | D:2      | Reached skill level 5 in Ranged Weapons
   739 | D:2      | Found Nebaor's General Store.
   747 | D:2      | Bought a scroll of identify for 24 gold pieces
   764 | D:2      | Noticed Terence
   775 | D:2      | Killed Terence
   776 | D:2      | Reached XP level 4. HP: 12/27 MP: 4/4
  1011 | D:2      | Found a faded altar of an unknown god.
  1021 | D:2      | Prayed at the altar of an unknown god.
  1021 | D:2      | Became a worshipper of Gozag Ym Sagoz the Greedy
  1154 | D:2      | Found a runed translucent door.
  1155 | D:2      | Noticed Crazy Yiuf
  1636 | D:3      | Noticed Grinder
  1647 | D:3      | Paralysed by Grinder for 5 turns
  1660 | D:3      | Paralysed by Grinder for 2 turns
  1671 | D:3      | Killed Grinder
  1672 | D:3      | Reached skill level 1 in Armour
  1672 | D:3      | Reached XP level 5. HP: 16/31 MP: 5/5
  1672 | D:3      | Reached XP level 6. HP: 19/36 MP: 6/6
  1929 | D:3      | Noticed Sigmund
  1932 | D:3      | Gained mutation: You are partially covered in iridescent
                  | scales. (AC +2) [potion of mutation]
  1932 | D:3      | Gained mutation: You sometimes lose your temper in combat.
                  | [potion of mutation]
  1944 | D:3      | Killed Sigmund
  1945 | D:3      | Reached XP level 7. HP: 26/41 MP: 7/7
  2065 | D:3      | Noticed Ijyb
  2095 | D:3      | Killed Ijyb
  2281 | D:3      | Noticed Robin
  2304 | D:3      | Killed Robin
  2478 | D:4      | Found an opulent altar of Gozag.
  2687 | D:4      | Reached skill level 1 in Short Blades
  2780 | D:4      | Reached skill level 1 in Shields
  2780 | D:4      | Reached XP level 8. HP: 42/46 MP: 8/8
  3204 | D:4      | Noticed Natasha
  3217 | D:4      | Killed Natasha
  3317 | D:4      | Noticed Natasha
  3329 | D:4      | Killed Natasha
  3599 | D:4      | Noticed Natasha
  3787 | D:5      | Entered Level 5 of the Dungeon
  3958 | D:5      | Found a shadowy altar of Dithmenos.
  4833 | D:6      | Noticed Blork the orc
  4850 | D:6      | Killed Blork the orc
  4851 | D:6      | Reached skill level 10 in Ranged Weapons
  4851 | D:6      | Reached XP level 9. HP: 43/52 MP: 9/9
  4861 | D:6      | Noticed Duvessa
  4863 | D:6      | Noticed Dowan
  4884 | D:6      | Killed Duvessa
  4888 | D:6      | Killed Dowan
  5218 | D:6      | Bought a slimy chain mail for 361 gold pieces
  5218 | D:6      | Identified the +0 chain mail of Docserphe {rC+ rCorr Str-3
                  | SInv} (You bought it in a shop on level 6 of the Dungeon)
  5505 | D:6      | Found a glowing silver altar of Zin.
  5588 | D:6      | You fall into a shaft and drop 1 floor!
  5602 | D:7      | Reached skill level 1 in Long Blades
  5608 | D:7      | Noticed a hornet
  5616 | D:7      | Killed a hornet
  5632 | D:7      | Found a staircase to the Ecumenical Temple.
  5709 | D:7      | Reached skill level 5 in Fighting
  5738 | D:7      | Found a flagged portal.
  5768 | Bailey   | Entered a bailey
  5797 | Bailey   | Reached skill level 2 in Long Blades
  5955 | Bailey   | Reached skill level 3 in Long Blades
  6100 | Bailey   | Found an iron altar of Okawaru.
  6355 | D:7      | Reached XP level 10. HP: 56/60 MP: 10/10
  6418 | D:7      | Lost mutation: You sometimes lose your temper in combat.
                  | [potion of mutation]
  6418 | D:7      | Lost mutation: You are partially covered in iridescent
                  | scales. (AC +2) [potion of mutation]
  6418 | D:7      | Gained mutation: Armour fits poorly on your strangely
                  | shaped body. [potion of mutation]
  6418 | D:7      | Gained mutation: Your spells are a little harder to cast,
                  | but a little more powerful. [potion of mutation]
  6418 | D:7      | Gained mutation: You have a beak for a mouth. [potion of
                  | mutation]
  6491 | D:6      | Bought a masterwork plate armour for 1064 gold pieces
  6491 | D:6      | Identified the +9 plate armour of Good Intentions {Regen+
                  | MP+9 Dex+3} (You bought it in a shop on level 6 of the
                  | Dungeon)
  6840 | D:7      | Found a sacrificial altar of Ru.
  7360 | D:8      | Reached skill level 4 in Long Blades
  7416 | D:8      | Noticed Pikel
  7429 | D:8      | Killed Pikel
  7522 | D:8      | Noticed Amaemon
  7522 | D:8      | Noticed an orange demon
  7612 | D:8      | Lost mutation: You have a beak for a mouth. [potion of
                  | mutation]
  7612 | D:8      | Lost mutation: Your spells are a little harder to cast, but
                  | a little more powerful. [potion of mutation]
  7612 | D:8      | Lost mutation: Armour fits poorly on your strangely shaped
                  | body. [potion of mutation]
  7612 | D:8      | Gained mutation: You are somewhat resistant to further
                  | mutation. [potion of mutation]
  7905 | D:8      | Killed Amaemon
  7911 | D:8      | Killed an orange demon
  7912 | D:8      | Reached skill level 5 in Armour
  7955 | D:8      | Reached skill level 5 in Long Blades
  8315 | D:9      | Found a staircase to the Orcish Mines.
  8335 | D:9      | Reached XP level 11. HP: 37/66 MP: 11/11
  8884 | D:9      | Bought a scroll of identify for 22 gold pieces
  8884 | D:9      | Bought a scroll of teleportation for 33 gold pieces
  8884 | D:9      | Bought a scroll of identify for 22 gold pieces
  9132 | D:9      | Reached skill level 6 in Long Blades
  9177 | D:9      | Noticed a boulder beetle
  9178 | D:9      | Noticed a deep elf pyromancer
  9195 | D:9      | Killed a boulder beetle
  9217 | D:9      | Killed a deep elf pyromancer
  9218 | D:9      | Reached skill level 7 in Long Blades
  9488 | D:10     | Entered Level 10 of the Dungeon
  9490 | D:10     | Found a staircase to the Lair.
  9616 | D:10     | Reached skill level 8 in Long Blades
  9747 | D:10     | Noticed a two-headed ogre
  9755 | D:10     | Killed a two-headed ogre
  9756 | D:10     | Reached XP level 12. HP: 63/73 MP: 12/12
  9923 | D:10     | Noticed a boulder beetle
  9925 | D:10     | Noticed a centaur warrior
 10142 | D:11     | Noticed a two-headed ogre
 10150 | D:11     | Killed a two-headed ogre
 10151 | D:11     | Reached skill level 9 in Long Blades
 10277 | D:11     | Noticed a two-headed ogre
 10278 | D:11     | Found a shimmering altar of Xom.
 10278 | D:11     | Noticed a boulder beetle
 10306 | D:11     | Killed a two-headed ogre
 10378 | D:11     | Killed a boulder beetle
 10419 | D:11     | Noticed a two-headed ogre
 10994 | D:11     | Killed a two-headed ogre
 11177 | D:11     | Reached skill level 10 in Long Blades
 11247 | D:11     | Bought the +2 falchion of Exquisite Torment {flame, rF+
                  | Stlth+} for 418 gold pieces
 11415 | D:12     | Noticed a two-headed ogre
 11422 | D:12     | Killed a two-headed ogre
 11441 | D:12     | Identified the +2 helmet of Infinity {rElec rCorr Dex+3}
 11511 | D:12     | Reached XP level 13. HP: 74/80 MP: 13/13
 11761 | D:12     | Reached skill level 11 in Long Blades
 12062 | D:12     | Reached skill level 10 in Armour
 12169 | D:12     | Reached skill level 12 in Long Blades
 12252 | D:12     | Noticed a yaktaur captain
 12252 | D:12     | Noticed an ettin
 12253 | D:12     | Noticed an ettin
 12278 | D:12     | Killed an ettin
 12958 | D:12     | Killed an ettin
 13057 | D:12     | Killed a yaktaur captain
 13689 | D:10     | Paralysed by a floating eye for 2 turns
 13752 | D:10     | Identified the +6 whip of Zoum Lai {drain, *Slow rPois rN+}
 13799 | Lair:1   | Entered Level 1 of the Lair of Beasts
 13817 | Lair:1   | Identified a scroll of acquirement
 13873 | Lair:1   | Found a runed translucent door.
 13874 | Lair:1   | Noticed Firil's ghost (journeyman OpFE)
 13986 | Lair:1   | Gained mutation: Your large and strong wings let you fly.
                  | [Gargoyle growth]
 13986 | Lair:1   | Reached XP level 14. HP: 87/87 MP: 14/14
 14017 | Lair:1   | Acquired 723 gold pieces
 14074 | Lair:1   | Bought the amulet of Vitality {RegenMP++ Regen++} for 1300
                  | gold pieces
 14074 | Lair:1   | Found the amulet of Vitality {RegenMP++ Regen++}
 14117 | Lair:1   | Reached skill level 13 in Long Blades
 14204 | Lair:1   | Reached skill level 10 in Fighting
 14505 | Lair:1   | Killed Firil's ghost
 15110 | Lair:2   | Identified the +0 plate armour of Wokh {rN+ Int+2}
 15793 | Lair:3   | Reached skill level 14 in Long Blades
 15872 | Lair:3   | Found a hole to the Spider Nest.
 15890 | Lair:3   | Slain by a pharaoh ant

Illustrated notes

Levels and vault maps discovered:
D:1:      dpeg_arrival_concentric_ovals, layout_basic
D:2:      layout_loops_ring, ebering_ecumenical_altar_hall, serial_shops, shop,
          hangedman_decor_slide_cut, amcnicky_mini_rare_corridor_liquid,
          uniq_terence, uniq_crazy_yiuf_cottage
D:3:      layout_basic, uniq_ijyb, uniq_robin, uniq_grinder, uniq_sigmund
D:4:      layout_loops_ring, lemuel_round_altar, uniq_natasha
D:5:      layout_basic, mainiacjoe_overflow_24_doors, serial_rivers,
          chequers_serial_rivers_large_a, chequers_serial_rivers_room_a,
          chequers_serial_rivers_micro_e, chequers_serial_rivers_micro_b,
          chequers_serial_rivers_micro_c, chequers_serial_rivers_micro_c,
          serial_bayou_pond_a
D:6:      layout_gridville, zin_treasury, uniq_duvessa, uniq_blork_the_orc
D:7:      layout_loops_ring, nicolae_ru_the_path_less_chosen,
          minmay_temple_entry_fiery, enter_bailey_4, kennysheep_generic_room_14
D:8:      layout_loops_ring, serial_co_window_serial, co_window_paths_a,
          co_window_paths_b, co_window_corner_a, co_window_corner_a,
          co_window_paths_b, co_window_of_opportunity_b, co_window_corner_ca,
          co_window_unsneaky_path_e, co_window_sun, nrook_mini_backslash,
          uniq_amaemon, uniq_pikel
D:9:      minmay_chambers_of_sevens, layout_irregular_city, zombieorc1_lemuel,
          serial_co_window_serial, co_window_paths_b, co_window_corner_a,
          co_window_of_opportunity_a, co_window_paths_a, co_window_paths_a,
          co_window_broadway_a, co_window_corner_ca, co_window_unsneaky_path_b,
          co_window_broadway_b, glass_columns_a, glass_columns_b,
          glass_columns_a, glass_columns_a, glass_columns_b
D:10:     layout_cave_pools, erik_lair_island, onia_ninara_dug_in_and_dangerous
D:11:     layout_stronghold, xom_confusion_cloud
D:12:     kennysheep_snake, layout_basic
Lair:1:   minmay_lair_venomous_thicket, layout_loops_ring,
          ebering_ghost_inner_flame, minivault_27
Lair:2:   layout_regular_city, gammafunk_lair_bear_cave
Lair:3:   layout_layer_cave, palyth_hydra_swamp_entry,
          nicolae_spider_entry_lesser_pyramids

Skill      XL: |  1  2  3  4  5  6  7  8  9 10 11 12 13 14 |
---------------+-------------------------------------------+-----
Ranged Weapons | 5 7 8 10 11 12 13 | 13.1
Armour         | 1 2 5 8 9 11 | 11.6
Fighting       | 3 4 5 6 7 8 9 10 | 10.4
Short Blades   | 1 2 |  2.7
Dodging        | 2 3 |  3.6
Shields        | 1 2 3 |  3.0
Long Blades    | 3 5 8 10 12 14 | 14.0
Stealth        | 2 3 |  3.4

Action                     |  1- 3 |  4- 6 |  7- 9 | 10-12 | 13-15 || total
---------------------------+-------+-------+-------+-------+-------++-------
  Melee: Short sword       |     2 |    26 |   197 |       |       ||   225
         Punch             |       |     1 |     3 |     8 |     9 ||    21
         Scimitar          |       |       |   111 |   558 |   556 ||  1225
         Peck              |       |       |       |     7 |       ||     7
         Falchion          |       |       |       |       |    20 ||    20
   Fire: Shortbow          |    73 |    87 |   252 |   188 |       ||   600
 Invoke: Call Merchant     |       |       |     1 |     2 |     1 ||     4
  Evoke: Wand              |       |       |       |       |     1 ||     1
    Use: Potion            |       |     5 |       |     8 |     5 ||    18
         Scroll            |       |     5 |     6 |     9 |     9 ||    29
   Stab: Distracted        |       |       |     2 |     4 |     4 ||    10
 Armour: Leather armour    |     6 |    21 |   221 |    11 |       ||   259
         Plate armour      |       |       |       |   730 |   483 ||  1213
  Dodge: Dodged            |    14 |    32 |   245 |   237 |   173 ||   701
  Block: Other             |       |     1 |   112 |   190 |    63 ||   366
         Reflection        |       |       |     6 |     7 |     1 ||    14
